 Dungeon Crawl Stone Soup version 0.29.1-15-g9cfb28693d (webtiles) character file.

Game seed: 15781300509235196543

616 KittyFluff the Cudgeller (level 7, 0/44 HPs)
             Began as a Gargoyle Berserker on Apr 10, 2023.
             Was a Priest of Trog.
             Slain by an ogre
             ... wielding a +0 giant club
              (8 damage)
             ... on level 5 of the Dungeon.
             The game lasted 00:16:58 (5014 turns).

KittyFluff the Cudgeller (Gargoyle Berserker)       Turns: 5014, Time: 00:16:58

Health: 0/44       AC: 10    Str: 20    XL:     7   Next: 45%
Magic:  7/7        EV: 13    Int:  8    God:    Trog [***...]
Gold:   189        SH:  0    Dex: 17    Spells: 6/6 levels left

rFire   . . .      SeeInvis .   a - +0 mace
rCold   . . .      Faith    .   (no shield)
rNeg    + . .      Spirit   .   m - +0 leather armour
rPois   ∞          Reflect  .   l - +0 hat {Will+}
rElec   +          Harm     .   t - +1 cloak
rCorr   +          Rampage  .   (no gloves)
Will    +....                   (no boots)
Stlth   ++........              (no amulet)
HPRegen 0.14/turn               g - ring of resist corrosion
MPRegen 0.10/turn               x - +6 ring of dexterity

@: no status effects
A: sickness immunity, AC +4, negative energy resistance 1, electricity
resistance, torment resistance 1, petrification resistance
a: Renounce Religion, Berserk, Trog's Hand


You were on level 5 of the Dungeon.
You worshipped Trog.
Trog was most pleased with you.
You visited 1 branch of the dungeon, and saw 5 of its levels.

You collected 189 gold pieces.

Inventory:

Hand Weapons
 a - a +0 mace (weapon)
 y - a +0 arbalest
Missiles
 e - 25 stones (quivered)
 p - 3 throwing nets
 q - 12 poisoned darts
Armour
 l - a +0 hat of willpower (worn)
 m - a +0 leather armour (worn)
 r - a +1 ring mail of positive energy
 s - a +0 helmet
 t - a +1 cloak (worn)
Jewellery
 g - a ring of resist corrosion (left hand)
 x - a +6 ring of dexterity (right hand)
Wands
 o - a wand of mindburst (9)
Scrolls
 b - 2 scrolls of teleportation {unknown}
 d - a scroll of vulnerability {unknown}
 i - 2 scrolls of immolation
 v - a scroll of noise {unknown}
 w - a scroll of poison {unknown}
Potions
 c - 2 potions of curing
 f - a potion of resistance
 h - a potion of mutation
 j - a potion of attraction
 k - 2 potions of cancellation {unknown}
 n - a potion of haste {unknown}
 u - a potion of degeneration {unknown}
 z - a potion of ambrosia {unknown}


   Skills:
 + Level 4.6 Fighting
 + Level 5.7 Maces & Flails
 * Level 4.5 Armour
 + Level 3.1 Dodging
 + Level 1.5 Stealth


You had 6 spell levels left.
You didn't know any spells.
Your spell library was empty.

Dungeon Overview and Level Annotations

Branches:
Dungeon (5/15)
 Temple: D:4-7

Altars:
Sif Muna


Innate Abilities, Weirdness & Mutations

You are immune to sickness and miasma.
Your stone body is resilient. (AC +4)
You are immune to poison.
You resist negative energy. (rN+)
You are resistant to electric shocks. (rElec)
You are resistant to unholy torment.
You are immune to petrification.


Message History

The adder is almost dead.
The adder barely misses you. The adder misses you.
You barely miss the adder.
The adder is almost dead.
The adder closely misses you. The adder bites you but does no damage.
You hit the adder.
You kill the adder!
Trog accepts your kill.
You start resting.
You feel yourself speed up.
You start resting.
You recover from your berserk rage.
You start resting.
HP restored.
Items here: ! ))))) [[ ÷÷.
Okay, then.
Things that are here:
a +0 dagger; a +0 robe; an orc corpse
Found a stone staircase leading up.
The ogre shouts!
You hit the ogre.
The ogre is lightly wounded.
The ogre hits you with a +0 giant club!!
Ouch! That really hurt!
You hit the ogre.
The ogre is moderately wounded.
The ogre barely misses you.
You completely miss the ogre.
The ogre is moderately wounded.
The ogre barely misses you.
You hit the ogre.
The ogre is moderately wounded.
You hit the ogre but do no damage.
The ogre is moderately wounded.
The ogre hits you with a +0 giant club!
* * * LOW HITPOINT WARNING * * *
You hit the ogre.
The ogre is moderately wounded.
The ogre hits you with a +0 giant club!
You die...

##'## ...# ##...## <..#
##.....## #.#.##
##.......##
###....####.........###
......[..'.........'..
#.. ....# #.........###
#.. .#.O# #.......# #..
.##@# ##.....## #..#.
#.# ##...## #.... #.#
##'## #...###.# #.#
#.......# #.# #.......#
##.####### #####.#####
##...#..... #........#
#......#### #.###.##.#
##........#


You could see an ogre.

Vanquished Creatures
  A phantom (D:4)
  2 scorpions
  A gnoll bouda (D:5)
  A hound (D:5)
  An orc priest (D:5)
  2 orc wizards (D:5)
  2 iguanas
  11 gnolls
  5 adders
  A worm (D:4)
  A dart slug (D:2)
  An orc (D:3)
  7 endoplasms
  3 giant cockroaches
  10 goblins
  5 hobgoblins
  A jackal (D:2)
  8 kobolds
  8 quokkas
  10 ball pythons
  4 bats
  5 frilled lizards
  7 rats
97 creatures vanquished.

Vanquished Creatures (others)
  2 plants (D:2)
2 creatures vanquished.

Grand Total: 99 creatures vanquished

Notes
Turn   | Place    | Note
-------+----------+-------------------------------------------
     0 | D:1      | KittyFluff the Gargoyle Berserker began the quest for the
                  | Orb.
     0 | D:1      | Reached XP level 1. HP: 14/14 MP: 1/1
   126 | D:1      | Reached XP level 2. HP: 16/19 MP: 2/2
   212 | D:1      | Found a faded altar of an unknown god.
   916 | D:2      | Reached XP level 3. HP: 23/23 MP: 3/3
   920 | D:2      | Reached ** piety under Trog
  1492 | D:3      | Reached XP level 4. HP: 26/29 MP: 4/4
  1729 | D:3      | Reached skill level 4 in Maces & Flails
  2170 | D:3      | Noticed a scorpion
  2183 | D:3      | Killed a scorpion
  2184 | D:3      | Reached XP level 5. HP: 24/33 MP: 5/5
  2512 | D:3      | Reached *** piety under Trog
  3527 | D:4      | Noticed a phantom
  3548 | D:4      | Killed a phantom
  3549 | D:4      | Reached XP level 6. HP: 32/38 MP: 6/6
  3815 | D:4      | Found a shimmering blue altar of Sif Muna.
  3943 | D:5      | Entered Level 5 of the Dungeon
  3997 | D:5      | Reached skill level 1 in Stealth
  4094 | D:5      | Reached skill level 5 in Maces & Flails
  4638 | D:5      | Reached XP level 7. HP: 34/44 MP: 7/7
  5014 | D:5      | Slain by an ogre

Illustrated notes

Levels and vault maps discovered:
D:1:      grunt_arrival_lava_bath, layout_basic,
          shapermc_ecumenical_altar_ellora
D:2:      layout_basic, serial_bayou_pond_b
D:3:      layout_basic
D:4:      layout_loops_corners, led_sif_pool, kennysheep_generic_room_15
D:5:      layout_loops_corners

Skill      XL: |  1  2  3  4  5  6  7 |
---------------+----------------------+-----
Dodging        | 2 3 |  3.1
Maces & Flails | 4 5 |  5.7
Armour         | 3 4 |  4.5
Fighting       | 4 |  4.6
Stealth        | 1 |  1.5

Action                   |  1- 3 |  4- 6 |  7- 9 || total
-------------------------+-------+-------+-------++-------
Melee: Mace              |   123 |   179 |    64 ||   366
       Punch             |     1 |     2 |       ||     3
Invok: Berserk           |       |     1 |     1 ||     2
  Use: Scroll            |     5 |     1 |       ||     6
Armor: Animal skin       |    47 |       |       ||    47
       Leather armour    |     1 |    57 |    24 ||    82
Dodge: Dodged            |    97 |   119 |    31 ||   247
